 Dungeon Crawl Stone Soup version 0.15-a0-1909-gd9acbb9 (console) character file.

252 MrRokkomies the Covered (level 6, 0/44 HPs)
             Began as a Formicid Warper on July 6, 2014.
             Slain by Crazy Yiuf
             ... wielding a +3 quarterstaff of chaos
              (3 damage)
             ... on Level 4 of the Dungeon.
             The game lasted 00:13:49 (3497 turns).

MrRokkomies the Covered (Formicid Warper)           Turns: 3497, Time: 00:13:49

HP   0/44        AC 13     Str 16      XL: 6   Next: 36%
MP  12/12        EV  9     Int 14      God:
Gold 178         SH  0     Dex 15      Spells:  3 memorised,  2 levels left

rFire  . . .     SeeInvis +     a - +0 falchion
rCold  . . .     Clarity  .     g - +0 plate armour
rNeg   . . .     rCorr    .     (no shield)
rPois  .         rRot     .     (helmet unavailable)
rElec  .         Spirit   .     (no cloak)
SustAb .         Warding  .     b - +0 pair of gloves
rMut   .         Stasis   +     (no boots)
Gourm  .                        (no amulet)
MR     .....                    (no ring)
                                (no ring)

@: agile, drained, not resistant to hostile enchantments, extremely unstealthy
A: permanent stasis, dig shafts and tunnels, four strong arms, antennae 3
a: Dig, Shaft Self


You were on level 4 of the Dungeon.
You were not hungry.

You visited 1 branch of the dungeon, and saw 4 of its levels.

You collected 178 gold pieces.

Inventory:

Hand weapons
 a - a +0 falchion (weapon)
Missiles
 d - 49 bolts
 e - 16 stones (quivered)
 k - 13 poisoned needles
Armour
 b - a +0 pair of gloves (worn)
 g - a +0 plate armour (worn)
Comestibles
 f - a bread ration
 j - a fruit
 l - 2 meat rations
 p - a chunk of orc flesh
Potions
 h - a potion of agility
 i - a potion of heal wounds {unknown}
 m - a potion of magic {unknown}
 n - a potion of haste {unknown}
 o - a potion of curing
Books
 c - a book of Spatial Translocations

   Spells                             Type                      Level
   *Apportation                       Translocation                1
   Blink                              Translocation                2
   *Shroud of Golubria                Charms/Translocation         2
   Portal Projectile                  Translocation                3
   Teleport Other                     Translocation                3
   *Passage of Golubria               Translocation                4


   Skills:
 - Level 2.1(1.9) Fighting
 * Level 4.4(4.1) Long Blades
 - Level 0.7(0.5) Throwing
 * Level 4.7(4.5) Armour
 - Level 1.7(1.5) Dodging
 - Level 2.1(1.9) Spellcasting
 - Level 2.8(2.5) Translocations


You had 2 spell levels left.
You knew the following spells:

 Your Spells              Type           Power        Failure   Level  Hunger
a - Apportation           Tloc           #.........   100%        1    ##.....
b - Shroud of Golubria    Chrm/Tloc      #.........   100%        2    ###....
c - Passage of Golubria   Tloc           N/A          100%        4    #####..


Dungeon Overview and Level Annotations

Branches:
Dungeon (4/15)
 Temple: D:4-7

Altars:
Sif Muna
Trog
Vehumet
Xom
Zin

Annotations:
D:4 Crazy Yiuf


Innate Abilities, Weirdness & Mutations

Your are under a permanent stasis effect.
You can dig through walls and to a lower floor.
Your four strong arms can wield two-handed weapons with a shield.
You have a pair of large antennae on your head (SInv).


Message History

You feel better.
Crazy Yiuf cries, "You leg down broken song, no?"
Crazy Yiuf hits you with a quarterstaff of chaos!
* * * LOW HITPOINT WARNING * * *
Crazy Yiuf draws strength from your injuries!
You closely miss Crazy Yiuf.
Crazy Yiuf yells, "Scoff!"
Crazy Yiuf misses you.
You barely miss Crazy Yiuf. Crazy Yiuf closely misses you.
You closely miss Crazy Yiuf. Crazy Yiuf hits you but does no damage.
You feel drained.
You hit Crazy Yiuf but do no damage.
Crazy Yiuf hits you with a quarterstaff of chaos!
* * * LOW HITPOINT WARNING * * *
Your stasis keeps you stable.
You hit Crazy Yiuf but do no damage. Crazy Yiuf hits you but does no damage.
You closely miss Crazy Yiuf.
Crazy Yiuf flaps his cloak.
Crazy Yiuf hits you with a quarterstaff of chaos.
You die...

##...# ##..#
######...##### #...##
#..## #...#......_..
##...# ##..#
##............ ##...##
#### ####.........
#....# #.........
#...## #......#..
....# ####♣♣ ###
#......#.#
....###.#..♣♣ ♣♣#..(#
#.....#..#
............♣♣♣♣@g...#
#.......##
#............♣..♣#...#
#........#
........#...♣.♣♣♣ ###
#........#
........##♣♣♣♣♣
#......... ........#
#......... ..####..#
#..<...... ## ###.
...s...#....... #.
..... .....W.. ....
.........


You could see Crazy Yiuf.

Vanquished Creatures
  2 orc wizards
  A worker ant (D:3)
  6 adders
  2 giant mites
  4 giant geckos
  2 oozes (D:2)
  12 orcs
  6 bats
  4 giant cockroaches
  5 goblins
  9 hobgoblins
  14 jackals
  6 quokkas
  5 giant newts
  2 kobolds (D:2)
  9 rats
89 creatures vanquished.

Notes
Turn   | Place    | Note
--------------------------------------------------------------
     0 | D:1      | MrRokkomies, the Formicid Warper, began the quest for the Orb.
     0 | D:1      | Reached XP level 1. HP: 16/16 MP: 3/3
   220 | D:1      | Reached XP level 2. HP: 22/22 MP: 5/5
   670 | D:1      | Reached XP level 3. HP: 27/27 MP: 7/7
   879 | D:2      | Reached skill level 3 in Long Blades
  1063 | D:2      | Reached XP level 4. HP: 18/33 MP: 8/8
  1840 | D:3      | Reached XP level 5. HP: 20/38 MP: 11/11
  2021 | D:3      | Learned a level 2 spell: Shroud of Golubria
  2026 | D:3      | Learned a level 4 spell: Passage of Golubria
  2275 | D:3      | Found a radiant altar of Vehumet.
  2591 | D:4      | Noticed a phantom
  2646 | D:3      | Reached skill level 4 in Long Blades
  2684 | D:3      | Reached XP level 6. HP: 16/44 MP: 12/12
  2990 | D:4      | Found a bloodstained altar of Trog.
  3013 | D:4      | Found a deep blue altar of Sif Muna.
  3240 | D:4      | Found a glowing silver altar of Zin.
  3240 | D:4      | Found a shimmering altar of Xom.
  3240 | D:4      | Noticed an angel
  3484 | D:4      | Noticed Crazy Yiuf
  3497 | D:4      | Slain by Crazy Yiuf

Action                   |  1- 3 |  4- 6 || total
-------------------------+-------+-------++-------
Melee: Falchion          |    92 |   309 ||   401
Throw: Tomahawk          |     9 |    27 ||    36
       Stone             |       |     5 ||     5
 Abil: Dig               |       |     1 ||     1
  Use: Scroll            |     2 |     5 ||     7
       Potion            |       |     2 ||     2
  Eat: Chunk             |     1 |     7 ||     8
       Fruit             |       |     1 ||     1
